 Dungeon Crawl Stone Soup version 0.28-a0-980-g3664467d6e (webtiles) character file.

Game seed: 4253875198192429321

36 BinkBink the Skirmisher (level 3, -3/29 HPs)
             Began as a Demonspawn Monk on Dec 2, 2021.
             Was a Priest of Makhleb.
             Slain by a hobgoblin (5 damage)
             ... led by Robin
             ... on level 2 of the Dungeon.
             The game lasted 00:02:12 (1233 turns).

BinkBink the Skirmisher (Demonspawn Monk)           Turns: 1233, Time: 00:02:13

Health: -3/29      AC:  3    Str: 11    XL:     3   Next: 19%
Magic:  3/3        EV: 13    Int: 11    God:    Makhleb [***...]
Gold:   38         SH:  0    Dex: 17    Spells: 2/2 levels left

rFire   . . .      SeeInvis .   a - +0 short sword
rCold   + . .      Faith    .   (no shield)
rNeg    . . .      Spirit   .   b - +0 robe
rPois   .          Reflect  .   d - +0 helmet
rElec   .          Harm     .   (no cloak)
rCorr   .          Rampage  .   (no gloves)
Will    .....                   (no boots)
Stlth   ++........              (no amulet)
HPRegen 0.09/turn               f - ring of protection from cold
MPRegen 0.08/turn               (no ring)

@: about to teleport, attractive, invisible
A: hooves 2
a: Renounce Religion, Minor Destruction, Lesser Servant of Makhleb


You were on level 2 of the Dungeon.
You worshipped Makhleb.
Makhleb was most pleased with you.
You visited 1 branch of the dungeon, and saw 2 of its levels.

You collected 38 gold pieces.

Inventory:

Hand Weapons
 a - a +0 short sword (weapon)
Armour
 b - a +0 robe (worn)
 d - a +0 helmet (worn)
Jewellery
 f - a ring of protection from cold (left hand)


   Skills:
 + Level 3.4 Fighting
 + Level 3.2 Short Blades
 + Level 3.1 Dodging
 - Level 1.7 Stealth


You had 2 spell levels left.
You didn't know any spells.
Your spell library was empty.

Dungeon Overview and Level Annotations

Branches:
Dungeon (2/15)

Altars:
Makhleb

Annotations:
D:2 Natasha, Robin


Innate Abilities, Weirdness & Mutations

You have hoof-like feet.


Message History

The goblin is severely wounded.
The goblin closely misses you.
The goblin unwields a +0 hunting sling.
The goblin wields a +0 club.
The goblin hits you but does no damage.
A goblin comes into view. It is wielding a +0 club.
The hobgoblin closely misses you.
You hit the goblin.
You kill the goblin!
Makhleb accepts your kill. Robin throws the goblin at you!
The goblin barely misses you. The hobgoblin hits you.
You hit the goblin. Your kick misses the goblin.
The goblin is severely wounded.
The goblin no longer looks unusually strong.
Robin throws the goblin at you!
* * * LOW HITPOINT WARNING * * *
The goblin misses you. The goblin hits you with a +0 club.
* * * LOW HITPOINT WARNING * * *
As you read the scroll labelled LOELAMOOST, it crumbles to dust.
You feel strangely unstable.
It was a scroll of teleportation.
The goblin no longer looks unusually strong.
The hobgoblin barely misses you.
A hobgoblin comes into view.
The goblin hits you with a +0 club.
* * * LOW HITPOINT WARNING * * *
The goblin completely misses you.
It was a potion of attraction.
You feel attractive to monsters.
The hobgoblin no longer looks unusually strong.
The hobgoblin barely misses you.
Robin roars a battlecry!
The goblins go into a battle-frenzy!
The goblin barely misses you. The goblin closely misses you.
Robin is attracted toward you. The hobgoblin is attracted toward you.
The goblin is attracted toward you. The hobgoblin is attracted toward you.
Something is attracted toward you.
It was a potion of invisibility.
You fade into invisibility!
The goblin no longer looks unusually strong.
The hobgoblin hits you.
You die...

....#######.#
P♣♣## #.# P♣ #.#
♣♣ #.######
#......##
#####§..## g##
##.#g#.##
.....####.##g##.#
#.g.g)ggg@g<.#
######g##g##.#
##.#.#..# #...#.#
##.##.# ♣♣♣#..
♣#. . .#


You could see Robin, 3 hobgoblins and 4 goblins.

Vanquished Creatures
  2 bats (D:1)
  3 endoplasms (D:1)
  2 giant cockroaches (D:2)
  4 goblins
  6 hobgoblins
  A jackal (D:2)
  3 ball pythons
  5 frilled lizards
  3 kobolds
  3 rats (D:1)
32 creatures vanquished.

Vanquished Creatures (others)
  4 plants (D:2)
4 creatures vanquished.

Grand Total: 36 creatures vanquished

Notes
Turn   | Place    | Note
-------+----------+-------------------------------------------
     0 | D:1      | BinkBink the Demonspawn Monk began the quest for the Orb.
     0 | D:1      | Reached XP level 1. HP: 18/18 MP: 1/1
     3 | D:1      | Noticed an electric eel
     4 | D:1      | Noticed an electric eel
    34 | D:1      | Found a faded altar of an unknown god.
    49 | D:1      | Prayed at the altar of an unknown god.
    49 | D:1      | Became a worshipper of Makhleb the Destroyer
    49 | D:1      | Reached * piety under Makhleb
    49 | D:1      | Reached ** piety under Makhleb
   107 | D:1      | Gained mutation: You have large cloven feet. [demonic
                  | ancestry]
   107 | D:1      | Reached XP level 2. HP: 13/24 MP: 2/2
   264 | D:1      | Reached *** piety under Makhleb
   943 | D:2      | Noticed Natasha
   946 | D:2      | Noticed a crimson imp
  1141 | D:2      | Gained mutation: You have hoof-like feet. [demonic
                  | ancestry]
  1141 | D:2      | Reached XP level 3. HP: 29/29 MP: 3/3
  1211 | D:2      | Noticed Robin
  1233 | D:2      | Slain by a hobgoblin

Illustrated notes

Levels and vault maps discovered:
D:1:      arrival_aquarium_b, layout_basic, hellmonk_ecumenical_altar_crossroads
D:2:      layout_loops_ring, serial_shops, nicolae_shop_hallway_plus,
          serial_forest, infiniplex_forest_end_1, infiniplex_forest_end_1,
          infiniplex_forest_fountain, infiniplex_forest_3_way,
          infiniplex_forest_end_2, infiniplex_forest_clump_curved,
          infiniplex_forest_corner_2, infiniplex_forest_diagonal,
          infiniplex_forest_end_1, infiniplex_forest_lined_1, uniq_robin,
          uniq_terence, uniq_natasha

Skill      XL: |  1  2 |
---------------+-------+-----
Short Blades   | 3 |  3.2
Dodging        | 3 |  3.1
Fighting       | |  3.4
Stealth        | |  1.7

Action                   || total
-------------------------++-------
Melee: Short sword       ||    87
       Kick              ||    14
  Use: Potion            ||     2
       Scroll            ||     1
 Stab: Sleeping          ||     4
Armor: Robe              ||    23
Dodge: Dodged            ||    64

Table legend: (Time is in decaauts)
 A = Elapsed time spent in this place.
 B = Non-inter-level travel time spent in this place.
 C = Inter-level travel time spent in this place.
 D = Time resting spent in this place.
 E = Time spent auto-exploring this place.
 F = Levels seen in this place.
 G = Mean time per level.
                   A        B        C        D        E       F      G
               +--------+--------+--------+--------+--------+-----+--------+
         Total |   1228 |   1182 |     46 |      0 |    976 |   2 |  614.0 |
       Dungeon |   1228 |   1182 |     46 |      0 |    976 |   2 |  614.0 |
               +--------+--------+--------+--------+--------+-----+--------+

Top non-repeatable levels by time:
     D:1: 1104 daAuts
     D:2: 124 daAuts
